 Dungeon Crawl Stone Soup version 0.31-a0-182-gc5ef74bbde (webtiles) character file.

Game seed: 10305544141186931499

74599 qw the Severer (level 15, -21/96 HPs)
             Began as a Gargoyle Fighter on June 20, 2023.
             Was an Elder of Okawaru.
             Demolished by an enormous slime creature (58 damage)
             ... on level 15 of the Dungeon.
             The game lasted 00:10:34 (18556 turns).

qw the Severer (Gargoyle Fighter)                  Turns: 18556, Time: 00:10:35

Health: -21/96     AC: 45    Str: 25    XL:     15   Next: 47%
Magic:  22/22      EV: 14    Int: 11    God:    Okawaru [****..]
Gold:   1162       SH: 20    Dex: 11    Spells: 14/14 levels left

rFire   + . .        a - +4 war axe (spect)
rCold   . . .        E - +0 tower shield
rNeg    + . .        y - +7 plate armour of the Game of Kings {Dex+2 Slay-5 SInv}
rPois   inf          B - +0 helmet {SInv}
rElec   +            c - +0 cloak
rCorr   .            b - +2 pair of gloves
SInv    +            x - +1 pair of boots
Will    +....        t - amulet of regeneration Stlth
                     C - +5 ring of evasion
HPRegen 1.16/turn    z - ring of protection from fire
MPRegen 0.18/turn

%: no passive effects
@: heroic, flying
A: sickness immunity, AC +11, big wings, negative energy resistance 1,
electricity resistance, torment resistance 1, petrification resistance, sense
surroundings 1
a: Renounce Religion, Heroism, Finesse


You were on level 15 of the Dungeon.
You worshipped Okawaru.
Okawaru was greatly pleased with you.
You visited 3 branches of the dungeon, and saw 21 of its levels.

You collected 1505 gold pieces.
You spent 343 gold pieces at shops.


Innate Abilities, Weirdness & Mutations

You are immune to sickness and miasma.
Your stone body is resilient. (AC +11)
You are immune to poison.
Your large and strong wings let you fly.
You resist negative energy. (rN+)
You are resistant to electric shocks. (rElec)
You are resistant to unholy torment.
You are immune to petrification.
You passively map a small area around you.


   Skills:
 - Level 12.0(17.0) Fighting
 - Level 15.0(20.0) Axes
 - Level 5.2(10.2) Throwing
 - Level 11.0(16.0) Armour
 - Level 3.0(8.0) Dodging
 + Level 14.0(19.0) Shields
 - Level 10.0 Invocations


You had 14 spell levels left.
You didn't know any spells.
Your spell library was empty.

Inventory:

Hand Weapons
 a - a +4 spectral war axe (weapon)
 m - a +0 morningstar
 D - a +1 eveningstar of draining
Missiles
 o - 4 boomerangs (quivered)
Armour
 b - a +2 pair of gloves (worn)
 c - a +0 cloak (worn)
 w - +0 acid dragon scales
 x - a +1 pair of boots (worn)
 y - the +7 plate armour of the Game of Kings (worn) {Dex+2 Slay-5 SInv}
   (You found it on level 4 of the Lair of Beasts)

   Dex:       It affects your dexterity (+2).
   Slay:      It affects your accuracy & damage with ranged weapons and melee
   (-5).
   SInv:      It lets you see invisible.
 A - a +1 plate armour of fire resistance
 B - a +0 helmet of see invisible (worn)
 E - a +0 tower shield (worn)
Jewellery
 q - a ring of ice
 t - an amulet of regeneration (around neck)
 v - a ring of ice
 z - a ring of protection from fire (right hand)
 C - a +5 ring of evasion (left hand)
Scrolls
 h - 5 scrolls of identify
Potions
 d - 2 potions of might
 e - 2 potions of enlightenment
 f - 4 potions of mutation
 i - a potion of magic
 j - 2 potions of attraction
 l - 6 potions of lignification
 n - 4 potions of haste
 p - a potion of cancellation
 r - a potion of resistance
 u - 7 potions of curing

Dungeon Overview and Level Annotations

Branches:
Dungeon (15/15)            Temple (1/1) D:4            Lair (5/5) D:10
 Shoals (0/4) Lair:3        Snake (0/4) Lair:2        Slime (0/5) Lair:4
    Orc (0/2) D:11         Vaults (0/5) D:13         Depths (0/4) D:15

Altars:
Ashenzari
Cheibriados
Dithmenos
Elyvilon
Fedhas
Gozag
Hepliaklqana
Kikubaaqudgha
Makhleb
Nemelex Xobeh
Okawaru
Qazlal
Ru
Sif Muna
Trog
Uskayaw
Vehumet
Wu Jian
Xom
Yredelemnul
Zin
The Shining One
Jiyva

Shops:
D:2 (   D:10 [   D:13 *

Annotations:
D:3 3 runed translucent doors, qw's ghost, amateur NaHu
D:7 2 transporters, qw's ghost, novice NaHu
D:12 2 transporters, Uwkeq's ghost, journeyman MiFi


Message History

The enormous slime creature is moderately wounded.
You block the enormous slime creature's attack.
You slash the enormous slime creature!
The enormous slime creature is moderately wounded.
The enormous slime creature completely misses you.
You slash the enormous slime creature!
The enormous slime creature is heavily wounded.
You barely miss the enormous slime creature.
The enormous slime creature is heavily wounded.
The enormous slime creature hits you!!!
You hit the enormous slime creature.
The enormous slime creature is heavily wounded.
You block the enormous slime creature's attack.
You slash the enormous slime creature!
The enormous slime creature is heavily wounded.
The enormous slime creature completely misses you.
You hit the enormous slime creature.
The enormous slime creature is heavily wounded.
You block the enormous slime creature's attack.
You completely miss the enormous slime creature.
The enormous slime creature is heavily wounded.
You hit the enormous slime creature.
The enormous slime creature is heavily wounded.
The enormous slime creature hits you but does no damage.
You hit the enormous slime creature.
The enormous slime creature is heavily wounded.
You block the enormous slime creature's attack.
You slash the enormous slime creature!
The enormous slime creature is heavily wounded.
The enormous slime creature barely misses you.
You slash the enormous slime creature!
The enormous slime creature is severely wounded.
You block the enormous slime creature's attack.
You slash the enormous slime creature!
The enormous slime creature is severely wounded.
You slash the enormous slime creature!
The enormous slime creature is severely wounded.
The enormous slime creature hits you!!!
Ouch! That really hurt!
You die...

.#.# ### #.# #..# ...###>### #.#
#..# #.##.....## #.# ##.#
#.#.......# #.# #.## #.##.....##
#.# #... #.###...###### #.# #.##
#.####.####..## #.# #.##
#.#....###....###### #.######...
#.#..###.......%@J.# #..........
#.##.##..#..).####.##########.###
#.#.....###..## #(.(# #.# #
#.##.#..# #### ###.###### #.# #
#.####### #....J(# #.# # ......#
#.####.# #.### #.###.# #.# #.#
#.##. #.# #.# #J# #.# #.##. #.#
#.# #.# #.# #.##.


You could see an enormous slime creature.

Vanquished Creatures
  Louise (D:14)
  Azrael (D:14)
  Snorg (D:12)
  Josephine (D:14)
  A rakshasa (D:15)
  7 hydras
  3 two-headed ogres
  3 catoblepae
  8 boulder beetles
  3 centaur warriors (D:15)
  A death knight (D:13)
  A deep troll shaman (Lair:5)
  4 death yaks (Lair:5)
  2 skysharks
  A glowing orange brain (D:15)
  A necromancer (D:13)
  3 deep elf pyromancers
  An oklob plant (Lair:1)
  7 cyclopes
  3 manticores
  13 ugly things
  Maurice (D:12)
  10 elephants
  A water nymph (shapeshifter) (D:15)
  7 slime creatures
  A salamander (shapeshifter) (D:14)
  4 black mambas
  A molten gargoyle (D:14)
  2 unseen horrors (D:12)
  A gargoyle (D:12)
  3 kobold demonologists
  6 cane toads
  2 efreet (D:13)
  4 rime drakes
  8 komodo dragons
  A komodo dragon (shapeshifter) (D:15)
  2 freezing wraiths
  2 ice devils (Lair:5)
  A troll (shapeshifter) (D:15)
  3 polar bears
  A wind drake (Lair:3)
  2 hornets
  7 trolls
  19 blink frogs
  3 wyverns
  9 wraiths
  2 shadows
  3 vampires
  44 yaks
  6 basilisks
  3 fire elementals (D:14)
  4 vampire mosquitoes (D:14)
  Duvessa (D:4)
  An acid dragon (D:9)
  3 hell hounds (D:14)
  15 water moccasins
  2 orc warriors
  An ice beast (D:6)
  3 black bears
  2 ogres
  15 wolves
  2 boggarts (D:15)
  3 centaurs
  A phantom (D:4)
  4 kobold brigands
  18 bullfrogs
  2 gnoll sergeants
  A scorpion (D:5)
  3 wights (D:7)
  Dowan (D:4)
  24 killer bees
  3 electric eels (Lair:3)
  7 howler monkeys
  A jelly (D:7)
  5 hounds
  A gnoll bouda (D:7)
  3 iguanas
  2 sleepcaps
  14 orc wizards
  14 gnolls
  12 adders
  A white imp (D:6)
  A worm (D:3)
  2 dart slugs
  38 orcs
  10 ball pythons
  7 endoplasms
  3 giant cockroaches
  7 goblins
  5 hobgoblins
  3 jackals (D:2)
  2 quokkas
  3 bats
  2 frilled lizards
  23 kobolds
  5 rats
  A fire vortex (Lair:2)
506 creatures vanquished.

Vanquished Creatures (others)
  2 boggarts (D:15)
  9 spectral weapons
11 creatures vanquished.

Grand Total: 517 creatures vanquished

Notes
Turn   | Place    | Note
-------+----------+-------------------------------------------
     0 | D:1      | qw the Gargoyle Fighter began the quest for the Orb.
     0 | D:1      | Reached XP level 1. HP: 14/14 MP: 1/1
     0 | D:1      | 0 ||| qw: Version: 0.3-a-9-g12657ce
     0 | D:1      | 0 ||| qw: Game counter: 1435
     0 | D:1      | 0 ||| qw: Always use a shield: true
     0 | D:1      | 0 ||| qw: God list: Okawaru
     0 | D:1      | 0 ||| qw: Allow faded altars: false
     0 | D:1      | 0 ||| qw: Do Orc after D:15 true
     0 | D:1      | 0 ||| qw: Do second Lair branch before Depths: true
     0 | D:1      | 0 ||| qw: Lair rune preference: random
     0 | D:1      | 0 ||| qw: Plans: Normal, Zot:1-4, Slime:5, God:TSO, Crypt,
                  | Tomb, Abyss, Pan, Hells, Win
     0 | D:1      | 0 ||| PLANNING D:1-11
    22 | D:1      | Reached skill level 2 in Axes
   135 | D:1      | Reached XP level 2. HP: 19/19 MP: 2/2
   233 | D:1      | Found a faded altar of an unknown god.
   286 | D:1      | 286 ||| Stepping ~*~*~tactically~*~*~ (stealth).
   289 | D:1      | 289 ||| Stepping ~*~*~tactically~*~*~ (stealth).
   321 | D:1      | Reached skill level 3 in Axes
   406 | D:1      | Reached XP level 3. HP: 23/23 MP: 3/3
   419 | D:1      | 419 ||| Stepping ~*~*~tactically~*~*~ (stealth).
   945 | D:1      | 945 ||| UPGRADING to +0 pair of boots.
   950 | D:1      | 950 ||| READING 2 scrolls labelled KIOKKI JEDACVY.
   951 | D:1      | 951 ||| READING 2 scrolls labelled TICOVVE FIUSI.
   952 | D:1      | 952 ||| READING scroll labelled URUSTA GYDEOKI.
   953 | D:1      | 953 ||| READING 2 scrolls labelled REIGASI ZEUMIYQA.
   958 | D:1      | 958 ||| DROPPING scroll of fog.
  1079 | D:2      | Found Wyjy's Antique Weapon Boutique.
  1085 | D:2      | 1085 ||| SHOPLISTING runed mace (102 gold, have 20).
  1157 | D:2      | 1157 ||| Stepping ~*~*~tactically~*~*~ (stealth).
  1292 | D:2      | 1292 ||| READING scroll of enchant weapon.
  1292 | D:2      | 1292 ||| ENCHANTING +1 war axe.
  1572 | D:2      | 1572 ||| READING scroll labelled PYD QOTIZA VAY.
  1573 | D:2      | 1573 ||| READING scroll labelled ROIQ GELLY.
  1574 | D:2      | 1574 ||| READING scroll labelled BUAJOA KEGOE.
  1659 | D:3      | Reached XP level 4. HP: 24/28 MP: 4/4
  1679 | D:3      | 1679 ||| Stepping ~*~*~tactically~*~*~ (stealth).
  1680 | D:3      | 1680 ||| Stepping ~*~*~tactically~*~*~ (stealth).
  1701 | D:3      | Reached skill level 4 in Axes
  1708 | D:3      | Found a white marble altar of Elyvilon.
  1708 | D:3      | Found a hide-covered altar of Uskayaw.
  1880 | D:3      | Found a runed translucent gate.
  1881 | D:3      | Found a runed translucent gate.
  1882 | D:3      | Found a runed translucent gate.
  1898 | D:3      | 1898 ||| DROPPING +0 flail.
  2019 | D:3      | Reached XP level 5. HP: 31/32 MP: 5/5
  2036 | D:3      | Reached skill level 5 in Axes
  2231 | D:3      | Noticed qw's ghost (amateur NaHu)
  2276 | D:3      | 2276 ||| READING scroll labelled HYGGUM IZOUSCH.
  2277 | D:3      | 2277 ||| READING scroll labelled TAVVAU RARE.
  2278 | D:3      | 2278 ||| DRINKING 2 clear potions.
  2279 | D:3      | 2279 ||| DRINKING 2 bubbling coppery potions.
  2280 | D:3      | 2280 ||| DRINKING 2 purple potions.
  2281 | D:3      | 2281 ||| DROPPING potion of invisibility.
  2299 | D:4      | Noticed an ogre
  2303 | D:4      | Noticed a phantom
  2310 | D:4      | 2310 ||| STAIRDANCE
  2353 | D:4      | Killed a phantom
  2354 | D:4      | Reached XP level 6. HP: 35/39 MP: 6/6
  2358 | D:4      | Reached skill level 1 in Dodging
  2426 | D:4      | Found a staircase to the Ecumenical Temple.
  2427 | D:4      | 2427 ||| PLANNING TEMPLE
  2427 | D:4      | 2427 ||| READING scroll labelled FAEKHU NAOJUI.
  2434 | Temple   | Entered the Ecumenical Temple
  2435 | Temple   | 2435 ||| PLANNING OKAWARU WORSHIP
  2584 | Temple   | Became a worshipper of Warmaster Okawaru
  2585 | Temple   | 2585 ||| PLANNING D:1-11
  2792 | D:4      | 2792 ||| Stepping ~*~*~tactically~*~*~ (hiding).
  2926 | D:4      | Noticed Dowan
  2927 | D:4      | Noticed Duvessa
  2933 | D:4      | Killed Duvessa
  2934 | D:4      | Reached skill level 6 in Axes
  2934 | D:4      | Reached XP level 7. HP: 30/44 MP: 7/7
  2935 | D:4      | Killed Dowan
  3226 | D:4      | 3226 ||| Stepping ~*~*~tactically~*~*~ (hiding).
  3459 | D:4      | 3459 ||| UPGRADING to +0 chain mail.
  3469 | D:4      | 3469 ||| DROPPING +0 scale mail.
  3470 | D:4      | 3470 ||| READING scroll labelled QUHOXT RIQELY.
  3501 | D:4      | 3501 ||| READING scroll labelled VOPUMA VUSAEH.
  3502 | D:4      | 3502 ||| DRINKING 2 glowing dark potions.
  3502 | D:4      | Gained mutation: You passively map a small area around you.
                  | [potion of mutation]
  3510 | D:5      | Entered Level 5 of the Dungeon
  3517 | D:5      | Reached skill level 7 in Axes
  3517 | D:5      | Reached * piety under Okawaru
  3598 | D:5      | 3598 ||| Stepping ~*~*~tactically~*~*~ (hiding).
  3604 | D:5      | 3604 ||| INVOKING Heroism.
  3608 | D:5      | Reached XP level 8. HP: 30/50 MP: 5/8
  3723 | D:5      | Reached skill level 1 in Invocations
  3770 | D:5      | You fall into a shaft and drop 2 floors!
  3791 | D:7      | Found an ancient bone altar of Kikubaaqudgha.
  3816 | D:7      | 3816 ||| UPGRADING to +1 pair of gloves.
  3821 | D:7      | 3821 ||| READING 2 scrolls of identify.
  3821 | D:7      | 3821 ||| IDENTIFYING bubbling silvery potion
  3822 | D:7      | 3822 ||| DROPPING potion of brilliance.
  3827 | D:7      | 3827 ||| STAIRDANCE
  4160 | D:5      | 4160 ||| DROPPING orb of light.
  4161 | D:5      | 4161 ||| UPGRADING to +0 kite shield.
  4171 | D:5      | 4171 ||| DROPPING +0 buckler.
  4172 | D:5      | 4172 ||| READING scroll labelled VAIZEH BAUGYCH.
  4411 | D:6      | 4411 ||| INVOKING Heroism.
  4416 | D:6      | Reached skill level 3 in Invocations
  4427 | D:6      | 4427 ||| INVOKING Heroism.
  4459 | D:6      | 4459 ||| Stepping ~*~*~tactically~*~*~ (stealth).
  4460 | D:6      | 4460 ||| Stepping ~*~*~tactically~*~*~ (stealth).
  4464 | D:6      | 4464 ||| Stepping ~*~*~tactically~*~*~ (hiding).
  4467 | D:6      | 4467 ||| Stepping ~*~*~tactically~*~*~ (hiding).
  4475 | D:6      | 4475 ||| Stepping ~*~*~tactically~*~*~ (hiding).
  4591 | D:6      | 4591 ||| Stepping ~*~*~tactically~*~*~ (stealth).
  4692 | D:6      | 4692 ||| Stepping ~*~*~tactically~*~*~ (hiding).
  4699 | D:6      | 4699 ||| Stepping ~*~*~tactically~*~*~ (hiding).
  4747 | D:6      | Reached ** piety under Okawaru
  4748 | D:6      | Reached skill level 6 in Shields
  4748 | D:6      | Reached XP level 9. HP: 53/54 MP: 12/12
  4921 | D:6      | 4921 ||| UPGRADING to +0 plate armour.
  4931 | D:6      | 4931 ||| DROPPING +0 chain mail.
  4932 | D:6      | 4932 ||| DRINKING 2 bubbling amethyst potions.
  4933 | D:6      | 4933 ||| READING 2 scrolls of identify.
  4933 | D:6      | 4933 ||| IDENTIFYING fizzy purple potion
  5034 | D:7      | 5034 ||| Stepping ~*~*~tactically~*~*~ (stealth).
  5035 | D:7      | 5035 ||| Stepping ~*~*~tactically~*~*~ (stealth).
  5036 | D:7      | 5036 ||| Stepping ~*~*~tactically~*~*~ (stealth).
  5042 | D:7      | 5042 ||| Stepping ~*~*~tactically~*~*~ (stealth).
  5045 | D:7      | 5045 ||| INVOKING Heroism.
  5285 | D:7      | Found a transporter.
  5311 | D:7      | 5311 ||| Stepping ~*~*~tactically~*~*~ (hiding).
  5312 | D:7      | 5312 ||| Stepping ~*~*~tactically~*~*~ (hiding).
  5328 | D:7      | 5328 ||| INVOKING Heroism.
  5428 | D:7      | 5428 ||| INVOKING Heroism.
  5438 | D:7      | Reached skill level 8 in Axes
  5602 | D:7      | 5602 ||| Stepping ~*~*~tactically~*~*~ (stealth).
  5605 | D:7      | 5605 ||| Stepping ~*~*~tactically~*~*~ (stealth).
  5606 | D:7      | 5606 ||| Stepping ~*~*~tactically~*~*~ (stealth).
  5610 | D:7      | 5610 ||| Stepping ~*~*~tactically~*~*~ (stealth).
  5620 | D:7      | Found a transporter.
  5657 | D:7      | Noticed qw's ghost (novice NaHu)
  5715 | D:7      | 5715 ||| INVOKING Heroism.
  5859 | D:7      | 5859 ||| UPGRADING to amulet of regeneration.
  5955 | D:8      | 5955 ||| Stepping ~*~*~tactically~*~*~ (stealth).
  6062 | D:8      | Noticed a hornet
  6065 | D:8      | Killed a hornet
  6066 | D:8      | Reached skill level 6 in Fighting
  6119 | D:8      | 6119 ||| Stepping ~*~*~tactically~*~*~ (hiding).
  6120 | D:8      | 6120 ||| Stepping ~*~*~tactically~*~*~ (hiding).
  6162 | D:8      | 6162 ||| DRINKING potion of curing.
  6162 | D:8      | 6162 ||| (to cure confusion)
  6391 | D:8      | Reached XP level 10. HP: 60/60 MP: 13/13
  6435 | D:8      | 6435 ||| READING scroll labelled LOZ LYSIKUOJA.
  6460 | D:9      | 6460 ||| Stepping ~*~*~tactically~*~*~ (hiding).
  6481 | D:9      | 6481 ||| READING scroll of enchant weapon.
  6481 | D:9      | 6481 ||| ENCHANTING +2 spectral war axe.
  6601 | D:9      | 6601 ||| INVOKING Heroism.
  6603 | D:9      | Reached skill level 9 in Axes
  6750 | D:9      | Reached skill level 6 in Armour
  6775 | D:9      | 6775 ||| INVOKING Heroism.
  6779 | D:9      | Reached *** piety under Okawaru
  6983 | D:9      | 6983 ||| Stepping ~*~*~tactically~*~*~ (hiding).
  6992 | D:9      | 6992 ||| DRINKING potion of curing.
  6992 | D:9      | 6992 ||| (to cure confusion)
  7161 | D:9      | Reached skill level 9 in Shields
  7434 | D:9      | 7434 ||| UPGRADING to +1 pair of boots.
  7444 | D:9      | 7444 ||| DROPPING +0 pair of boots.
  7445 | D:9      | 7445 ||| DROPPING +2 chain mail of poison resistance.
  7446 | D:9      | 7446 ||| READING 2 scrolls of identify.
  7446 | D:9      | 7446 ||| IDENTIFYING red potion
  7499 | D:10     | Entered Level 10 of the Dungeon
  7628 | D:10     | Received a gift from Okawaru
  7640 | D:10     | Noticed a kobold demonologist
  7646 | D:10     | Killed a kobold demonologist
  7710 | D:10     | Found an ornate altar of the Wu Jian Council.
  7826 | D:10     | 7826 ||| INVOKING Heroism.
  7829 | D:10     | Reached skill level 3 in Throwing
  7856 | D:10     | Found Kotin's Antique Armour Shop.
  7858 | D:10     | 7858 ||| INVOKING Heroism.
  7884 | D:10     | 7884 ||| BUYING shiny helmet (307 gold).
  7884 | D:10     | Bought a shiny helmet for 307 gold pieces
  7897 | D:10     | 7897 ||| INVOKING Heroism.
  7898 | D:10     | Found a staircase to the Lair.
  7902 | D:10     | Reached skill level 10 in Axes
  7904 | D:10     | Reached **** piety under Okawaru
  7905 | D:10     | Reached XP level 11. HP: 68/68 MP: 11/14
  8048 | D:10     | Found an opulent altar of Gozag.
  8198 | D:10     | 8198 ||| PLANNING LAIR
  8198 | D:10     | 8198 ||| UPGRADING to +0 helmet of see invisible.
  8203 | D:10     | 8203 ||| UPGRADING to +5 ring of evasion.
  8230 | Lair:1   | Entered Level 1 of the Lair of Beasts
  8230 | Lair:1   | Noticed an oklob plant
  8231 | Lair:1   | 8231 ||| INVOKING Heroism.
  8256 | Lair:1   | Killed an oklob plant
  8302 | Lair:1   | 8302 ||| INVOKING Heroism.
  8307 | Lair:1   | Received a gift from Okawaru
  8368 | Lair:1   | 8368 ||| Stepping ~*~*~tactically~*~*~ (stealth).
  8377 | Lair:1   | Reached skill level 6 in Invocations
  8659 | Lair:1   | 8659 ||| INVOKING Heroism.
  8660 | Lair:1   | 8660 ||| Stepping ~*~*~tactically~*~*~ (stealth).
  8705 | Lair:1   | 8705 ||| INVOKING Heroism.
  8748 | Lair:1   | 8748 ||| READING scroll of enchant armour.
  8748 | Lair:1   | 8748 ||| ENCHANTING +1 pair of gloves.
  8927 | Lair:1   | 8927 ||| INVOKING Heroism.
  8933 | Lair:1   | Received a gift from Okawaru
  9059 | Lair:2   | Noticed a skyshark
  9060 | Lair:2   | 9060 ||| INVOKING Heroism.
  9070 | Lair:2   | Killed a skyshark
  9080 | Lair:2   | Reached skill level 11 in Axes
  9106 | Lair:2   | 9106 ||| INVOKING Heroism.
  9116 | Lair:2   | 9116 ||| Stepping ~*~*~tactically~*~*~ (stealth).
  9120 | Lair:2   | 9120 ||| Stepping ~*~*~tactically~*~*~ (stealth).
  9125 | Lair:2   | 9125 ||| Stepping ~*~*~tactically~*~*~ (stealth).
  9128 | Lair:2   | Received a gift from Okawaru
  9137 | Lair:2   | Reached XP level 12. HP: 73/73 MP: 18/18
  9152 | Lair:2   | Found a staircase to the Snake Pit.
  9170 | Lair:2   | 9170 ||| Stepping ~*~*~tactically~*~*~ (stealth).
  9180 | Lair:2   | Reached ***** piety under Okawaru
  9180 | Lair:2   | Received a gift from Okawaru
  9184 | Lair:2   | Reached skill level 9 in Invocations
  9285 | Lair:2   | 9285 ||| INVOKING Heroism.
  9287 | Lair:2   | 9287 ||| Stepping ~*~*~tactically~*~*~ (stealth).
  9292 | Lair:2   | 9292 ||| Stepping ~*~*~tactically~*~*~ (stealth).
  9351 | Lair:2   | 9351 ||| Stepping ~*~*~tactically~*~*~ (stealth).
  9352 | Lair:2   | 9352 ||| Stepping ~*~*~tactically~*~*~ (stealth).
  9355 | Lair:2   | 9355 ||| Stepping ~*~*~tactically~*~*~ (stealth).
  9370 | Lair:2   | 9370 ||| Stepping ~*~*~tactically~*~*~ (stealth).
  9372 | Lair:2   | 9372 ||| INVOKING Heroism.
  9410 | Lair:2   | 9410 ||| Stepping ~*~*~tactically~*~*~ (stealth).
  9441 | Lair:2   | 9441 ||| Stepping ~*~*~tactically~*~*~ (stealth).
  9442 | Lair:2   | 9442 ||| Stepping ~*~*~tactically~*~*~ (stealth).
  9576 | Lair:2   | 9576 ||| Stepping ~*~*~tactically~*~*~ (stealth).
  9577 | Lair:2   | Identified the +6 scale mail of the Poles {Rampage Will++
                  | Int-2 Dex+2}
  9589 | Lair:2   | Received a gift from Okawaru
  9764 | Lair:2   | Reached skill level 9 in Fighting
 10014 | Lair:2   | 10014 ||| UPGRADING to +6 scale mail of the Poles {Rampage
                  | Will++ Int-2 Dex+2}.
 10092 | Lair:3   | 10092 ||| INVOKING Heroism.
 10097 | Lair:3   | Identified the +3 war axe of Accidental Termination {spect,
                  | +Blink rPois Will- Stlth+} (Okawaru gifted it to you on
                  | level 3 of the Lair of Beasts)
 10097 | Lair:3   | Received a gift from Okawaru
 10106 | Lair:3   | 10106 ||| Stepping ~*~*~tactically~*~*~ (stealth).
 10120 | Lair:3   | 10120 ||| DROPPING +3 war axe of Accidental Termination
                  | {spect, +Blink rPois Will- Stlth+}.
 10131 | Lair:3   | Found a staircase to the Shoals.
 10147 | Lair:3   | 10147 ||| INVOKING Heroism.
 10192 | Lair:3   | 10192 ||| Stepping ~*~*~tactically~*~*~ (stealth).
 10337 | Lair:3   | Noticed a four-headed hydra
 10338 | Lair:3   | 10338 ||| INVOKING Heroism.
 10339 | Lair:3   | 10339 ||| INVOKING Finesse.
 10340 | Lair:3   | 10340 ||| SWAPPING to +0 morningstar.
 10349 | Lair:3   | Killed a four-headed hydra
 10350 | Lair:3   | 10350 ||| SWAPPING to +3 spectral war axe.
 10448 | Lair:3   | Noticed a five-headed hydra
 10450 | Lair:3   | 10450 ||| INVOKING Heroism.
 10453 | Lair:3   | 10453 ||| SWAPPING to +0 morningstar.
 10466 | Lair:3   | Killed a five-headed hydra
 10467 | Lair:3   | 10467 ||| SWAPPING to +3 spectral war axe.
 10510 | Lair:3   | 10510 ||| Stepping ~*~*~tactically~*~*~ (stealth).
 10518 | Lair:3   | 10518 ||| INVOKING Heroism.
 10530 | Lair:3   | Reached skill level 12 in Axes
 10530 | Lair:3   | Reached XP level 13. HP: 80/80 MP: 18/20
 10649 | Lair:3   | 10649 ||| INVOKING Heroism.
 10651 | Lair:3   | 10651 ||| Stepping ~*~*~tactically~*~*~ (stealth).
 10655 | Lair:3   | 10655 ||| Stepping ~*~*~tactically~*~*~ (stealth).
 10662 | Lair:3   | 10662 ||| Stepping ~*~*~tactically~*~*~ (stealth).
 10672 | Lair:3   | Reached skill level 3 in Dodging
 11107 | Lair:3   | 11107 ||| READING scroll labelled URUUSA EN DEUNU.
 11108 | Lair:3   | 11108 ||| DRINKING 2 bubbling blue potions.
 11109 | Lair:3   | 11109 ||| DRINKING 2 fuming blue potions.
 11213 | Lair:3   | 11213 ||| DROPPING potion of degeneration.
 11214 | Lair:3   | 11214 ||| DROPPING potion of berserk rage.
 11238 | Lair:4   | 11238 ||| INVOKING Heroism.
 11239 | Lair:4   | 11239 ||| Stepping ~*~*~tactically~*~*~ (stealth).
 11300 | Lair:4   | 11300 ||| Stepping ~*~*~tactically~*~*~ (stealth).
 11344 | Lair:4   | 11344 ||| INVOKING Heroism.
 11354 | Lair:4   | Received a gift from Okawaru
 11381 | Lair:4   | 11381 ||| Stepping ~*~*~tactically~*~*~ (stealth).
 11447 | Lair:4   | 11447 ||| INVOKING Heroism.
 11449 | Lair:4   | Received a gift from Okawaru
 11451 | Lair:4   | 11451 ||| SWAPPING to +0 morningstar.
 11457 | Lair:4   | 11457 ||| SWAPPING to +3 spectral war axe.
 11458 | Lair:4   | 11458 ||| INVOKING Finesse.
 11603 | Lair:4   | Found a staircase to the Slime Pits.
 11603 | Lair:4   | Found a viscous altar of Jiyva.
 11605 | Lair:4   | 11605 ||| INVOKING Heroism.
 11646 | Lair:4   | 11646 ||| INVOKING Heroism.
 11707 | Lair:4   | Identified the +7 plate armour of the Game of Kings {Dex+2
                  | Slay-5 SInv}
 11845 | Lair:4   | 11845 ||| Stepping ~*~*~tactically~*~*~ (stealth).
 11981 | Lair:4   | 11981 ||| DROPPING +0 plate armour.
 11982 | Lair:4   | 11982 ||| DROPPING +2 scale mail of cold resistance.
 11983 | Lair:4   | 11983 ||| DRINKING 2 fizzy silvery potions.
 11996 | Lair:5   | Entered Level 5 of the Lair of Beasts
 11997 | Lair:5   | 11997 ||| INVOKING Heroism.
 12001 | Lair:5   | Reached skill level 13 in Axes
 12020 | Lair:5   | 12020 ||| SWAPPING to +0 morningstar.
 12021 | Lair:5   | 12021 ||| INVOKING Finesse.
 12029 | Lair:5   | 12029 ||| INVOKING Heroism.
 12033 | Lair:5   | 12033 ||| SWAPPING to +3 spectral war axe.
 12092 | Lair:5   | 12092 ||| INVOKING Heroism.
 12126 | Lair:5   | 12126 ||| Stepping ~*~*~tactically~*~*~ (stealth).
 12127 | Lair:5   | 12127 ||| Stepping ~*~*~tactically~*~*~ (stealth).
 12232 | Lair:5   | 12232 ||| Stepping ~*~*~tactically~*~*~ (stealth).
 12233 | Lair:5   | 12233 ||| Stepping ~*~*~tactically~*~*~ (stealth).
 12252 | Lair:5   | Found a frozen archway.
 12347 | Lair:5   | 12347 ||| DROPPING +0 heavy war axe.
 12376 | Lair:5   | 12376 ||| INVOKING Heroism.
 12407 | Lair:5   | 12407 ||| Stepping ~*~*~tactically~*~*~ (hiding).
 12409 | Lair:5   | 12409 ||| INVOKING Heroism.
 12410 | Lair:5   | 12410 ||| INVOKING Finesse.
 12440 | Lair:5   | Reached skill level 14 in Axes
 12440 | Lair:5   | Gained mutation: Your large and strong wings let you fly.
                  | [Gargoyle growth]
 12440 | Lair:5   | Reached XP level 14. HP: 50/88 MP: 15/21
 12441 | Lair:5   | 12441 ||| Stepping ~*~*~tactically~*~*~ (stealth).
 12519 | Lair:5   | 12519 ||| INVOKING Heroism.
 12520 | Lair:5   | 12520 ||| INVOKING Finesse.
 12892 | Lair:5   | 12892 ||| PLANNING D:1-11
 12892 | Lair:5   | 12892 ||| UPGRADING to +1 plate armour of fire resistance.
 12902 | Lair:5   | 12902 ||| DROPPING +6 scale mail of the Poles {Rampage
                  | Will++ Int-2 Dex+2}.
 12903 | Lair:5   | 12903 ||| UPGRADING to ring of protection from fire.
 12904 | Lair:5   | 12904 ||| UPGRADING to +7 plate armour of the Game of Kings
                  | {Dex+2 Slay-5 SInv}.
 12914 | Lair:5   | 12914 ||| READING scroll labelled SAIMPE JUTE.
 12915 | Lair:5   | 12915 ||| READING 3 scrolls of identify.
 12915 | Lair:5   | 12915 ||| IDENTIFYING fuming green potion
 12916 | Lair:5   | 12916 ||| READING 2 scrolls of identify.
 12916 | Lair:5   | 12916 ||| IDENTIFYING blue potion
 13103 | D:11     | 13103 ||| Stepping ~*~*~tactically~*~*~ (stealth).
 13105 | D:11     | 13105 ||| Stepping ~*~*~tactically~*~*~ (stealth).
 13119 | D:11     | 13119 ||| DRINKING 4 potions of curing.
 13119 | D:11     | 13119 ||| (to cure confusion)
 13225 | D:11     | 13225 ||| Stepping ~*~*~tactically~*~*~ (stealth).
 13228 | D:11     | 13228 ||| Stepping ~*~*~tactically~*~*~ (stealth).
 13253 | D:11     | Found a staircase to the Orcish Mines.
 13345 | D:11     | 13345 ||| INVOKING Heroism.
 13397 | D:11     | 13397 ||| INVOKING Heroism.
 13435 | D:11     | Reached skill level 9 in Armour
 13810 | D:11     | 13810 ||| INVOKING Heroism.
 14074 | D:11     | 14074 ||| PLANNING D
 14112 | D:12     | Noticed Snorg
 14113 | D:12     | 14113 ||| INVOKING Heroism.
 14128 | D:12     | Killed Snorg
 14151 | D:12     | 14151 ||| INVOKING Finesse.
 14154 | D:12     | 14154 ||| INVOKING Heroism.
 14295 | D:12     | Noticed Maurice
 14317 | D:12     | 14317 ||| Stepping ~*~*~tactically~*~*~ (hiding).
 14321 | D:12     | 14321 ||| Stepping ~*~*~tactically~*~*~ (hiding).
 14329 | D:12     | 14329 ||| Stepping ~*~*~tactically~*~*~ (hiding).
 14337 | D:12     | Killed Maurice
 14383 | D:12     | 14383 ||| INVOKING Heroism.
 14456 | D:12     | 14456 ||| INVOKING Heroism.
 14474 | D:12     | Received a gift from Okawaru
 14484 | D:12     | Found a transporter.
 14486 | D:12     | Found a transporter.
 14490 | D:12     | Noticed Uwkeq's ghost (journeyman MiFi)
 14492 | D:12     | Found a bloodstained altar of Trog.
 14515 | D:12     | 14515 ||| Stepping ~*~*~tactically~*~*~ (stealth).
 14517 | D:12     | 14517 ||| Stepping ~*~*~tactically~*~*~ (stealth).
 14519 | D:12     | 14519 ||| Stepping ~*~*~tactically~*~*~ (stealth).
 14533 | D:12     | 14533 ||| INVOKING Heroism.
 14534 | D:12     | 14534 ||| READING 3 scrolls of teleportation.
 14551 | D:12     | 14551 ||| Stepping ~*~*~tactically~*~*~ (stealth).
 14556 | D:12     | 14556 ||| Stepping ~*~*~tactically~*~*~ (stealth).
 14592 | D:12     | Reached skill level 12 in Shields
 14796 | D:12     | 14796 ||| UPGRADING to +0 cloak.
 14801 | D:12     | 14801 ||| READING 3 scrolls of identify.
 14801 | D:12     | 14801 ||| IDENTIFYING sapphire potion
 15012 | D:13     | 15012 ||| Stepping ~*~*~tactically~*~*~ (hiding).
 15023 | D:13     | 15023 ||| FLEEEEING.
 15024 | D:13     | 15024 ||| FLEEEEING.
 15025 | D:13     | 15025 ||| FLEEEEING.
 15026 | D:13     | 15026 ||| FLEEEEING.
 15029 | D:13     | 15029 ||| Stepping ~*~*~tactically~*~*~ (hiding).
 15036 | D:13     | 15036 ||| INVOKING Heroism.
 15207 | D:13     | Received a gift from Okawaru
 15230 | D:13     | Found a gate to the Vaults.
 15485 | D:13     | Found Qitetoni's General Store.
 15494 | D:13     | 15494 ||| BUYING potion of curing (36 gold).
 15494 | D:13     | Bought a potion of curing for 36 gold pieces
 15665 | D:14     | 15665 ||| INVOKING Heroism.
 15797 | D:14     | 15797 ||| INVOKING Heroism.
 15830 | D:14     | 15830 ||| READING scroll of enchant weapon.
 15830 | D:14     | 15830 ||| ENCHANTING +3 spectral war axe.
 15839 | D:14     | 15839 ||| Stepping ~*~*~tactically~*~*~ (stealth).
 15840 | D:14     | 15840 ||| Stepping ~*~*~tactically~*~*~ (stealth).
 15844 | D:14     | 15844 ||| INVOKING Heroism.
 15845 | D:14     | 15845 ||| SWAPPING to +0 morningstar.
 15850 | D:14     | 15850 ||| SWAPPING to +4 spectral war axe.
 15957 | D:14     | 15957 ||| INVOKING Heroism.
 15959 | D:14     | 15959 ||| Stepping ~*~*~tactically~*~*~ (stealth).
 15967 | D:14     | Received a gift from Okawaru
 15981 | D:14     | Noticed Louise
 16016 | D:14     | 16016 ||| INVOKING Heroism.
 16052 | D:14     | Killed Louise
 16075 | D:14     | 16075 ||| INVOKING Heroism.
 16445 | D:14     | Reached skill level 15 in Axes
 16501 | D:14     | Reached XP level 15. HP: 95/95 MP: 22/22
 16528 | D:14     | Noticed Azrael
 16529 | D:14     | 16529 ||| INVOKING Heroism.
 16565 | D:14     | 16565 ||| INVOKING Heroism.
 16566 | D:14     | HP: 1/95 [Azrael/damnation (29)]
 16567 | D:14     | 16567 ||| READING 4 scrolls of teleportation.
 16568 | D:14     | 16568 ||| DRINKING 2 potions of heal wounds.
 16569 | D:14     | 16569 ||| DRINKING potion of heal wounds.
 16650 | D:14     | 16650 ||| Stepping ~*~*~tactically~*~*~ (hiding).
 16655 | D:14     | 16655 ||| INVOKING Heroism.
 16660 | D:14     | Killed Azrael
 16753 | D:14     | 16753 ||| Stepping ~*~*~tactically~*~*~ (hiding).
 17013 | D:14     | Noticed Josephine
 17022 | D:14     | Killed Josephine
 17022 | D:14     | Received a gift from Okawaru
 17028 | D:14     | Reached skill level 12 in Fighting
 17084 | D:14     | 17084 ||| UPGRADING to +0 tower shield.
 17094 | D:14     | 17094 ||| DROPPING +0 kite shield.
 17095 | D:14     | 17095 ||| DROPPING ring of magical power.
 17113 | D:15     | Entered Level 15 of the Dungeon
 17128 | D:15     | 17128 ||| Stepping ~*~*~tactically~*~*~ (hiding).
 17142 | D:15     | 17142 ||| INVOKING Heroism.
 17212 | D:15     | 17212 ||| Stepping ~*~*~tactically~*~*~ (hiding).
 17216 | D:15     | 17216 ||| INVOKING Heroism.
 17227 | D:15     | 17227 ||| SWAPPING to +1 eveningstar of draining.
 17234 | D:15     | 17234 ||| Stepping ~*~*~tactically~*~*~ (outnumbered).
 17242 | D:15     | 17242 ||| Stepping ~*~*~tactically~*~*~ (outnumbered).
 17248 | D:15     | 17248 ||| SWAPPING to +4 spectral war axe.
 17259 | D:15     | 17259 ||| INVOKING Heroism.
 17305 | D:15     | 17305 ||| Stepping ~*~*~tactically~*~*~ (hiding).
 17306 | D:15     | 17306 ||| Stepping ~*~*~tactically~*~*~ (hiding).
 17307 | D:15     | 17307 ||| INVOKING Heroism.
 17478 | D:15     | Found a glowing golden altar of the Shining One.
 17522 | D:15     | Found a snail-covered altar of Cheibriados.
 17641 | D:15     | 17641 ||| Stepping ~*~*~tactically~*~*~ (stealth).
 17642 | D:15     | 17642 ||| Stepping ~*~*~tactically~*~*~ (hiding).
 17644 | D:15     | 17644 ||| Stepping ~*~*~tactically~*~*~ (hiding).
 17658 | D:15     | 17658 ||| INVOKING Heroism.
 17791 | D:15     | 17791 ||| INVOKING Heroism.
 17795 | D:15     | 17795 ||| SWAPPING to +1 eveningstar of draining.
 17798 | D:15     | 17798 ||| SWAPPING to +4 spectral war axe.
 17864 | D:15     | 17864 ||| Stepping ~*~*~tactically~*~*~ (hiding).
 18099 | D:15     | 18099 ||| INVOKING Heroism.
 18131 | D:15     | 18131 ||| READING 4 scrolls of teleportation.
 18213 | D:15     | 18213 ||| Stepping ~*~*~tactically~*~*~ (stealth).
 18219 | D:15     | 18219 ||| INVOKING Heroism.
 18220 | D:15     | 18220 ||| READING 3 scrolls of teleportation.
 18334 | D:15     | 18334 ||| Stepping ~*~*~tactically~*~*~ (stealth).
 18336 | D:15     | 18336 ||| Stepping ~*~*~tactically~*~*~ (stealth).
 18341 | D:15     | 18341 ||| INVOKING Heroism.
 18342 | D:15     | 18342 ||| READING 2 scrolls of teleportation.
 18435 | D:15     | 18435 ||| Stepping ~*~*~tactically~*~*~ (stealth).
 18437 | D:15     | 18437 ||| INVOKING Heroism.
 18441 | D:15     | 18441 ||| READING scroll of teleportation.
 18448 | D:15     | 18448 ||| Stepping ~*~*~tactically~*~*~ (stealth).
 18490 | D:15     | Found a staircase to the Depths.
 18511 | D:15     | 18511 ||| PLANNING ORC
 18530 | D:15     | 18530 ||| INVOKING Heroism.
 18556 | D:15     | Demolished by an enormous slime creature

Levels and vault maps discovered:
D:1:      minmay_arrival_doors, layout_loops_ring,
          shapermc_ecumenical_altar_notcrosses, chequers_arboretum
D:2:      layout_basic, serial_shops, nicolae_square_shop, minmay_misc_feat_x
D:3:      layout_basic, gammafunk_temple_overflow_wave, gammafunk_ghost_icy,
          nicolae_half_adder
D:4:      layout_basic, minmay_temple_entry_junction_2, uniq_duvessa
D:5:      layout_rooms, kennysheep_generic_room_12
D:6:      layout_basic, chequers_serial_rivers_small_3
D:7:      layout_basic, lemuel_round_altar, gammafunk_ghost_hive
D:8:      layout_basic, serial_bayou_pond_d, minivault_1
D:9:      layout_basic, roderic_serpentine_path, grunt_ministairs_6,
          small_chamber_with_monster
D:10:     layout_loops_ring, kennysheep_little_box,
          nicolae_gozag_cash_rules_everything_around_me, david_lair_generic,
          serial_shops, shop, minmay_misc_feat_chi
D:11:     layout_basic, david_orc_2
D:12:     layout_rooms, gammafunk_ghost_wrathful_warriors, uniq_maurice,
          uniq_snorg
D:13:     layout_irregular_city, david_vaults_1, serial_shops, shop
D:14:     layout_basic, kennysheep_pointless_box, uniq_azrael, uniq_louise,
          uniq_josephine
D:15:     gammafunk_enter_depths_forms, layout_loops_ring,
          nicolae_tso_swordbearing_angel, cheibriados_altar_1
Temple:   nicolae_temple_bog_church
Lair:1:   layout_concentric_octagons, dpeg_stationary_puzzle
Lair:2:   layout_gridlike, minmay_snake_entry_six_corridors, grunt_megastairs_2
Lair:3:   layout_regular_city, minmay_shoals_entry_beasts,
          nicolae_quartered_pool_super
Lair:4:   layout_hall_layers, slime_entry_1
Lair:5:   grunt_lair_end_beastmaster, layout_big_grid,
          portal_ice_cave_demonic_guard

Skill      XL: |  1  2  3  4  5  6  7  8  9 10 11 12 13 14 15 |
---------------+----------------------------------------------+-----
Axes           | 2 3 4 5 6 7 8 10 11 12 14 15 | 15.0
Fighting       | 4 5 6 7 8 9 10 11 12 | 12.0
Dodging        | 1 2 3 |  3.0
Invocations    | 4 8 10 | 10.0
Shields        | 6 8 9 10 11 12 14 | 14.0
Armour         | 5 6 7 8 11 | 11.0
Throwing       | 2 3 4 5 |  5.2

Action                     |  1- 3 |  4- 6 |  7- 9 | 10-12 | 13-15 || total
---------------------------+-------+-------+-------+-------+-------++-------
  Melee: War axe           |   118 |    73 |   254 |   369 |   956 ||  1770
         Morningstar       |       |       |       |    22 |    19 ||    41
         Eveningstar       |       |       |       |       |    20 ||    20
  Throw: Boomerang         |       |       |    33 |    64 |   161 ||   258
         Javelin           |       |       |       |    51 |   105 ||   156
 Invoke: Heroism           |       |       |     7 |    19 |    41 ||    67
         Finesse           |       |       |       |     1 |     5 ||     6
    Use: Scroll            |     8 |     3 |     5 |     4 |    12 ||    32
         Potion            |       |     3 |     3 |     1 |     6 ||    13
   Stab: Distracted        |       |       |       |     7 |    12 ||    19
         Petrified         |       |       |       |       |     3 ||     3
 Armour: Scale mail        |    64 |    39 |     4 |    26 |    50 ||   183
         Chain mail        |       |       |    48 |       |       ||    48
         Plate armour      |       |       |    86 |   137 |   223 ||   446
  Dodge: Dodged            |    41 |    22 |    75 |   126 |   269 ||   533
  Block: Buckler           |    19 |    14 |    13 |       |       ||    46
         Kite shield       |       |       |   105 |   161 |   256 ||   522
         Tower shield      |       |       |       |       |   162 ||   162

Table legend:
 A = Non-vault XP
 B = Vault XP
 C = Vault XP percentage of total XP
 D = Non-vault monster count
 E = Vault monster count
 F = Vault count percentage of total count
                 A         B        C        D         E       F
            +---------+---------+-------+---------+---------+-------
      Total |   79017 |   27553 |  25.9 |     424 |      83 |  16.4
            +---------+---------+-------+---------+---------+-------
        D:1 |      45 |       0 |   0.0 |      26 |       0 |   0.0
        D:2 |      30 |       0 |   0.0 |      10 |       0 |   0.0
        D:3 |     132 |      54 |  29.0 |      17 |       4 |  19.0
        D:4 |     379 |     220 |  36.7 |      18 |       2 |  10.0
        D:5 |     745 |       0 |   0.0 |      21 |       0 |   0.0
        D:6 |     889 |       0 |   0.0 |      30 |       0 |   0.0
        D:7 |    1065 |       0 |   0.0 |      17 |       0 |   0.0
        D:8 |    1204 |       0 |   0.0 |      19 |       0 |   0.0
        D:9 |    2261 |     456 |  16.8 |      26 |       9 |  25.7
       D:10 |    1922 |     710 |  27.0 |      14 |       4 |  22.2
       D:11 |    5619 |      24 |   0.4 |      26 |       8 |  23.5
       D:12 |    6291 |    1458 |  18.8 |      14 |       2 |  12.5
       D:13 |    3766 |    2543 |  40.3 |      10 |       5 |  33.3
       D:14 |    8591 |    4767 |  35.7 |      17 |      12 |  41.4
       D:15 |   10823 |    4308 |  28.5 |      23 |       7 |  23.3
     Lair:1 |    3710 |     542 |  12.7 |      17 |       1 |   5.6
     Lair:2 |    8730 |    2628 |  23.1 |      35 |       8 |  18.6
     Lair:3 |    7327 |     823 |  10.1 |      27 |       2 |   6.9
     Lair:4 |   11634 |       0 |   0.0 |      44 |       0 |   0.0
     Lair:5 |    3854 |    9020 |  70.1 |      13 |      19 |  59.4
            +---------+---------+-------+---------+---------+-------
